 Dungeon Crawl Stone Soup version 0.31.0-32-g396128a36d (webtiles) character file.

Game seed: 5952808819607282820

56 Cheops the Changeling (level 3, -1/23 HPs)
             Began as an Octopode Shapeshifter on Mar 11, 2024.
             Slain by an orc wizard
             ... wielding a +0 dagger
              (3 damage)
             ... on level 3 of the Dungeon.
             The game lasted 00:04:02 (1484 turns).

Cheops the Changeling (Octopode Shapeshifter)       Turns: 1484, Time: 00:04:02

Health: -1/23      AC:  1    Str: 15    XL:     3   Next: 95%
Magic:  3/3        EV: 13    Int: 12    God:
Gold:   137        SH:  0    Dex: 11    Spells: 2/2 levels left

rFire   . .          .
                       - Unarmed
rCold   . . .        h - orb {*Rage}
rNeg    . . .        (helmet currently unavailable)
rPois   .            (no amulet)
rElec   .            (no ring)
rCorr   .            (no ring)
SInv    .            (no ring)
Will    .....        (no ring)
Stlth   ++           (no ring)
HPRegen 0.23/turn    (no ring)
MPRegen 0.08/turn    (no ring)
                     (no ring)

%: random rage (20%)
@: beast-form, on berserk cooldown, slowed, very slow
A: beast (slay +2), almost no armour, amphibious, 8 rings, camouflage 1,
gelatinous body 1, (nimble swimmer 1), tentacles
a: Begin Untransformation


You were on level 3 of the Dungeon.
You were a hulking beast.
You visited 1 branch of the dungeon, and saw 3 of its levels.

You collected 137 gold pieces.

Inventory:

Armour
 h - an orb of wrath (worn)
Talismans
 b - a beast talisman (active)
 c - a flux talisman
Wands
 k - a wand of flame (18)
Scrolls
 d - a scroll of poison {unknown}
 e - a scroll of enchant armour {unknown}
 f - 2 scrolls of teleportation {unknown}
 j - a scroll of identify {unknown}
Potions
 a - a potion of lignification
 g - a potion of enlightenment {unknown}
 i - a potion of heal wounds {unknown}
 l - 2 potions of curing {unknown}
 m - a potion of haste {unknown}


   Skills:
 - Level 1.0 Fighting
 - Level 2.0 Dodging
 + Level 3.6 Unarmed Combat
 * Level 4.0 Shapeshifting


You had 2 spell levels left.
You didn't know any spells.
Your spell library contained the following spells:

 Spells                   Type           Power      Damage    Failure   Level
 Kiss of Death            Conj/Necr      0%         2d5       32%         1
 Confusing Touch          Hex            0%         N/A       69%         3
 Anguish                  Hex/Necr       0%         N/A       97%         4
 Cause Fear               Hex            0%         N/A       97%         4
 Dispel Undead            Necr           0%         3d6       97%         4
 Enfeeble                 Hex            0%         N/A       100%        7


Dungeon Overview and Level Annotations

Branches:
Dungeon (3/15)

Altars:
Xom


Innate Abilities, Weirdness & Mutations

You are a hulking beast.
Your limbs bulge with bestial killing power. (Slay +2)
You cannot wear most types of armour.
You are amphibious.
You can wear up to eight rings at the same time.
Your skin changes colour to match your surroundings (Stealth+).
Your rubbery body absorbs attacks. (AC +1, EV +1)
((You are camouflaged when in or above water. (Stealth+)))
You have tentacles for arms and can constrict up to eight enemies at once.


Message History

The orc closely misses you.
You're too confused to move!
You feel a strong urge to attack something.
Something hits you. The orc attacks as it pursues you!
The orc hits you with a +0 whip.
Things that are here:
a +0 hand axe; a +0 ring mail; an orc corpse You bludgeon something!
Something hits you. The orc hits you with a +0 whip!
* * * LOW HITPOINT WARNING * * *
Unknown command.
Unknown command.
Unknown command.
You bump into the rock wall.
Unknown command.
You bump into the rock wall.
You feel a strong urge to attack something.
Something hits you.
* * * LOW HITPOINT WARNING * * *
The orc closely misses you.
You bump into the closed door.
Something barely misses you. The orc closely misses you.
Unknown command.
Unknown command.
You closely miss the orc.
Your tentacle-slap misses the orc.
You are no longer berserk.
You are exhausted.
You feel yourself slow down.
Unknown command.
You bump into the rock wall.
You feel less confused. Something hits you.
* * * LOW HITPOINT WARNING * * *
The orc closely misses you. The orc hits you with a +0 whip.
* * * LOW HITPOINT WARNING * * *
Something hits you.
* * * LOW HITPOINT WARNING * * *
You tentacle-slap the orc. Your grab misses the orc.
The orc is moderately wounded.
Something hits you.
You die...

#...# ....#
#####._..#
#.........
###......... +...
........... #....
#......... +....
+o)....<..
.#....###h{b......
......#.......b...
..........#.#.....
..........#...####
.......!..#..##
.............#
.......>..#.#...
......#.#.#.#...
...##.#.#.#.#..


You could see an orc.

Vanquished Creatures
  2 adders (D:2)
  A ribbon worm (D:2)
  2 orcs (D:3)
  3 endoplasms (D:1)
  2 giant cockroaches
  3 goblins (D:2)
  3 hobgoblins (D:2)
  6 kobolds
  3 ball pythons
  5 bats
  2 frilled lizards (D:2)
32 creatures vanquished.

Notes
Turn   | Place    | Note
-------+----------+-------------------------------------------
     0 | D:1      | Cheops the Octopode Shapeshifter began the quest for the
                  | Orb.
     0 | D:1      | Reached XP level 1. HP: 13/13 MP: 1/1
   187 | D:1      | Reached XP level 2. HP: 17/18 MP: 2/2
   897 | D:2      | Reached XP level 3. HP: 23/23 MP: 3/3
  1241 | D:2      | Reached skill level 4 in Shapeshifting
  1468 | D:3      | Found a shimmering altar of Xom.
  1484 | D:3      | Slain by an orc wizard

Illustrated notes

Levels and vault maps discovered:
D:1:      nagdon_arrival_double_spiral, layout_basic
D:2:      layout_basic
D:3:      layout_basic, xom_butterflies, lemuel_flame_loot_1

Skill      XL: |  1  2  3 |
---------------+----------+-----
Shapeshifting  | 4 |  4.0
Fighting       | |  1.0
Dodging        | |  2.0
Unarmed Combat | |  3.6

Action                     || total
---------------------------++-------
  Melee: Unarmed           ||    58
         Tentacles         ||     9
         Constrict         ||     9
         Punch             ||     1
Ability: Begin Untransform ||     1
   Stab: Sleeping          ||     8
 Armour: Skin              ||    31
  Dodge: Dodged            ||    28
   Form: Beast             ||     1
